 Dungeon Crawl Stone Soup version 0.30.2 (webtiles) character file.

Game seed: 12124573734531997930

565 Pooter the Chopper (level 7, -9/61 HPs)
             Began as a Minotaur Berserker on Feb 1, 2024.
             Was a Priest of Trog.
             Mangled by an ogre
             ... wielding a +0 giant club
              (11 damage)
             ... on level 5 of the Dungeon.
             The game lasted 00:18:43 (3577 turns).

Pooter the Chopper (Minotaur Berserker)             Turns: 3577, Time: 00:18:44

Health: -9/61      AC: 12    Str: 24    XL:     7   Next: 10%
Magic:  6/6        EV:  7    Int:  4    God:    Trog [***...]
Gold:   255        SH:  0    Dex:  9    Spells: 6/6 levels left

rFire   . . .        a - +3 war axe (elec)
rCold   . . .        (no shield)
rNeg    . . .        B - +0 plate armour
rPois   .            (helmet restricted)
rElec   .            (no cloak)
rCorr   .            (no gloves)
SInv    .            m - +0 pair of boots
Will    .....        i - amulet of regeneration Stlth
                     (no ring)
HPRegen 1.10/turn    (no ring)
MPRegen 0.10/turn

%: no passive effects
@: confused, on berserk cooldown, slowed, very slow
A: horns 2, retaliatory headbutt
a: Renounce Religion, Berserk, Trog's Hand


You were on level 5 of the Dungeon.
You worshipped Trog.
Trog was most pleased with you.
You visited 1 branch of the dungeon, and saw 5 of its levels.

You collected 255 gold pieces.

Inventory:

Hand Weapons
 a - a +3 war axe of electrocution (weapon)
 b - a +1 sling of freezing
 A - a +0 trident of venom
Missiles
 p - 2 throwing nets
 q - 6 poisoned darts
 t - 41 stones (quivered)
 G - 3 atropa-tipped darts {blindconf !f}
Armour
 m - a +0 pair of boots (worn)
 B - a +0 plate armour (worn)
Jewellery
 i - an amulet of regeneration (around neck)
 j - a ring of see invisible
 l - a +5 ring of evasion
Wands
 o - a wand of flame (6)
Scrolls
 v - 3 scrolls of teleportation {!r}
 w - a scroll of magic mapping
 C - a scroll of blinking {unknown}
 H - a scroll of fog {unknown}
Potions
 c - a potion of might {unknown}
 d - a potion of berserk rage {unknown}
 g - a potion of heal wounds {unknown}
 s - a potion of curing {unknown}
 x - 3 potions of mutation
 D - a potion of experience {unknown}
 E - a potion of cancellation {unknown}
 F - a potion of flight {unknown}


   Skills:
 + Level 5.5 Fighting
 * Level 6.6 Axes
 * Level 4.6 Ranged Weapons
 - Level 2.9 Armour
 - Level 2.6 Dodging


You had 6 spell levels left.
You didn't know any spells.
Your spell library was empty.

Dungeon Overview and Level Annotations

Branches:
Dungeon (5/15)
 Temple: D:4-7

Altars:
Elyvilon
Trog
Wu Jian


Innate Abilities, Weirdness & Mutations

You have a pair of horns on your head.
You reflexively headbutt those who attack you in melee.


Message History

Something hits you but does no damage.
You slash the orc!
You kill the orc!
Trog accepts your kill.
You closely miss something.
You hear some strange, mumbled words.
A magic dart appears from out of thin air!
The magic dart hits you. The ogre hits you with a +0 giant club!
Something hits you.
You take 14 damage, and have 31/61 hp.
MY FAVORITE EYEBALLS!!
You barely miss the ogre. You miss something.
Something hits you but does no damage. The ogre closely misses you.
You hear some strange, mumbled words.
Something tries to affect you, but you resist.
You regained 2 hp, and now have 33/61 hp.
You closely miss the ogre. You closely miss something.
The ogre hits you with a +0 giant club! Something hits you but does no damage.
Something hits you.
You take 8 damage, and have 25/61 hp.
You barely miss the ogre. You closely miss something.
The ogre hits you with a +0 giant club!
* * * LOW HITPOINT WARNING * * *
Something hits you but does no damage.
You take 8 damage, and have 17/61 hp.
You slash the ogre!
The ogre is moderately wounded.
You closely miss something. The ogre barely misses you.
Something hits you but does no damage.
You hear some strange, mumbled words.
You are confused.
The ogre hits you with a +0 giant club!
* * * LOW HITPOINT WARNING * * *
You take 11 damage, and have 6/61 hp.
You bump into the rock wall.
You hear some strange, mumbled words.
A magic dart appears from out of thin air!
The magic dart hits you.
* * * LOW HITPOINT WARNING * * *
Something hits you but does no damage. The ogre hits you with a +0 giant club!
You die...

#########
#<{HO...#
#)#####.#
#.# ...
....
......
.......
####.....


You could see an ogre.

Vanquished Creatures
  2 ogres (D:4)
  A gnoll sergeant (D:3)
  A scorpion (D:4)
  An orc priest (D:5)
  A gnoll bouda (D:3)
  2 iguanas (D:4)
  5 adders
  3 gnolls
  4 dart slugs
  6 orcs
  6 ball pythons
  4 bats
  6 endoplasms
  6 giant cockroaches
  6 goblins
  11 hobgoblins
  3 jackals (D:2)
  4 quokkas
  2 frilled lizards
  11 kobolds
  5 rats
90 creatures vanquished.

Notes
Turn   | Place    | Note
-------+----------+-------------------------------------------
     0 | D:1      | Pooter the Minotaur Berserker began the quest for the Orb.
     0 | D:1      | Reached XP level 1. HP: 19/19 MP: 0/0
   278 | D:1      | Reached XP level 2. HP: 20/27 MP: 1/1
   848 | D:2      | Reached skill level 4 in Axes
  1065 | D:2      | Reached XP level 3. HP: 33/33 MP: 2/2
  1070 | D:2      | Reached ** piety under Trog
  1076 | D:2      | You fall into a shaft and drop 1 floor!
  1076 | D:2      | The shaft crumbles and collapses.
  1092 | D:3      | Found a bloodstained altar of Trog.
  1247 | D:3      | Noticed a gnoll sergeant
  1269 | D:3      | Killed a gnoll sergeant
  1270 | D:3      | Reached XP level 4. HP: 36/41 MP: 3/3
  1330 | D:3      | Found an ornate altar of the Wu Jian Council.
  1337 | D:3      | the ball python falls through a shaft!
  1337 | D:3      | The shaft crumbles and collapses.
  1727 | D:2      | Reached skill level 5 in Axes
  2026 | D:2      | Reached XP level 5. HP: 47/47 MP: 4/4
  2625 | D:3      | Found a white marble altar of Elyvilon.
  2914 | D:4      | Reached XP level 6. HP: 53/55 MP: 5/5
  2939 | D:4      | Reached *** piety under Trog
  2971 | D:4      | Reached skill level 5 in Fighting
  2971 | D:4      | Reached skill level 6 in Axes
  3236 | D:4      | Reached XP level 7. HP: 47/61 MP: 6/6
  3552 | D:5      | Entered Level 5 of the Dungeon
  3576 | D:5      | HP: 6/61 [ogre/+0 giant club (13)]
  3577 | D:5      | HP: 2/61 [something/magic dart (6)]
  3577 | D:5      | Mangled by an ogre

Illustrated notes

Levels and vault maps discovered:
D:1:      erik_arrival_triangle_small, layout_loops_ring,
          nicolae_kite_square_tiling_tiny
D:2:      layout_basic
D:3:      layout_basic, nicolae_elyvilon_temple_path, trog_hazing_becter,
          pdpol_wu_jian_five_deadly_venoms, chequers_decorated_corner,
          st_stairs_2
D:4:      layout_rooms, st_stairs_11, corexii_hall_statues_u, dk_vineyard_3
D:5:      layout_basic, grunt_gozag_breadcrumbs, makhleb_blood_cavern_becter,
          minmay_temple_entry_glass, patterned_corridor, uniq_ijyb,
          uniq_eustachio

Skill      XL: |  1  2  3  4  5  6 |
---------------+-------------------+-----
Fighting       | 4 5 |  5.5
Axes           | 4 5 6 |  6.6
Ranged Weapons | 2 3 4 |  4.6
Armour         | |  2.9
Dodging        | |  2.6

Action                     |  1- 3 |  4- 6 |  7- 9 || total
---------------------------+-------+-------+-------++-------
  Melee: Hand axe          |    69 |    57 |       ||   126
         Headbutt          |    12 |    16 |     1 ||    29
         Punch             |       |     2 |       ||     2
         War axe           |       |    25 |    16 ||    41
   Fire: Sling             |    13 |    69 |     4 ||    86
  Throw: Stone             |    14 |     1 |       ||    15
         Dart              |       |     5 |       ||     5
         Throwing net      |       |     1 |       ||     1
 Invoke: Berserk           |       |       |     1 ||     1
    Use: Scroll            |       |     6 |     5 ||    11
 Armour: Animal skin       |     7 |       |       ||     7
         Ring mail         |    25 |    23 |       ||    48
         Chain mail        |       |    17 |       ||    17
         Plate armour      |       |     8 |    16 ||    24
  Dodge: Dodged            |    44 |    44 |     4 ||    92
